 Dungeon Crawl Stone Soup version 0.23.2 (webtiles) character file.

Game seed: 12697047011051865822

322 Revguard the Covered (level 6, 0/48 HPs)
             Began as a Human Fighter on Apr 2, 2019.
             Slain by a frilled lizard (1 damage)
             ... on level 4 of the Dungeon.
             The game lasted 00:08:08 (1968 turns).

Revguard the Covered (Human Fighter)                Turns: 1968, Time: 00:08:08

Health: 0/48       AC: 10    Str: 24    XL:     6   Next: 76%
Magic:  6/6        EV:  6    Int:  8    God:
Gold:   149        SH:  0    Dex: 12    Spells: 5/5 levels left

rFire    . . .     SeeInvis .   o - +2 flail (venom)
rCold    . . .     Gourm    .   c - +0 shield
rNeg     . . .     Faith    .   k - +0 chain mail
rPois    .         Spirit   .   (no helmet)
rElec    .         Reflect  .   (no cloak)
rCorr    .         Harm     .   (no gloves)
MR       .....                  m - +0 pair of boots
Stlth    ..........             (no amulet)
HPRegen  0.16/turn              n - ring of wizardry
MPRegen  0.10/turn              (no ring)

@: confused, mighty
A: no striking features
a: no special abilities


You were on level 4 of the Dungeon.
You were hungry.

You visited 1 branch of the dungeon, and saw 4 of its levels.

You collected 149 gold pieces.

Inventory:

Hand Weapons
 a - a +0 flail
 o - a +2 flail of venom (weapon)
Armour
 c - a +0 shield (worn)
 k - a +0 chain mail (worn)
 m - a +0 pair of boots (worn)
Jewellery
 i - an uncursed ring of attention
 n - a ring of wizardry (left hand)
Scrolls
 b - a scroll of immolation {unknown}
 e - a scroll of identify
 g - a scroll of remove curse
 h - a scroll of amnesia {unknown}
 j - 3 scrolls of enchant armour {unknown}
 l - a scroll of enchant weapon {unknown}
Potions
 d - 3 potions of might
Comestibles
 f - 8 rations


   Skills:
 + Level 3.8 Fighting
 + Level 3.9 Maces & Flails
 + Level 4.4 Armour
 + Level 1.0 Dodging
 + Level 4.3 Shields


You had 5 spell levels left.
You didn't know any spells.
Your spell library contained the following spells:

 Spells                   Type           Power        Failure   Level  Hunger
 Confusing Touch          Hex            #.....       99%         1    ##.....
 Confuse                  Hex            #.......     100%        3    ####...
 Gell's Gravitas          Tloc           #.........   100%        3    ####...
 Petrify                  Tmut/Erth      #.......     100%        4    #####..
 Metabolic Englaciation   Hex/Ice        #.........   100%        5    ######.
 Yara's Violent Unravell  Hex/Tmut       #.........   100%        5    ######.


Dungeon Overview and Level Annotations

Branches:
Dungeon (4/15)
 Temple: D:4-7

Altars:


Message History

Sigmund is heavily wounded.
Sigmund points at you and mumbles some strange words.
You are confused.
The frilled lizard bites you but does no damage.
Sigmund hits you with a +0 scythe.
* * * LOW HITPOINT WARNING * * *
The frilled lizard bites you but does no damage.
You're too confused!
Okay, then.
You bump into the rock wall.
The frilled lizard barely misses you.
You sock Sigmund!
You kill Sigmund!
Your Dodging skill increases to level 1!
You have reached level 6!
Your experience leads to an increase in your attributes!
Your base attributes are Str 18, Int 8, Dex 12.
Increase (S)trength, (I)ntelligence, or (D)exterity?
You feel stronger. The frilled lizard bites you.
You die...

○.§#...#○
☼##.≈.# ##...#
#...# #'''#
#...# #..)##
#@.# .. ##l# .#
# #w# .###.#
##a#####......
#.$.......#...
#...$.......#.
#............<
#.
#.......?..#.
#.###.##..#####


You could see a worm, a worker ant and a frilled lizard.

Vanquished Creatures
  Sigmund (D:4)
  A hound (D:3)
  An iguana (D:4)
  A gnoll (D:1)
  5 adders
  An ooze (D:1)
  A worm (D:3)
  A dart slug (D:2)
  3 leopard geckos
  An orc (D:4)
  A ball python (D:2)
  2 giant cockroaches (D:1)
  5 goblins
  3 hobgoblins
  11 kobolds
  A quokka (D:4)
  6 bats
  A frilled lizard (D:1)
  5 rats
51 creatures vanquished.

Notes
Turn   | Place    | Note
-------+----------+-------------------------------------------
     0 | D:1      | Revguard the Human Fighter began the quest for the Orb.
     0 | D:1      | Reached XP level 1. HP: 18/18 MP: 1/1
    58 | D:1      | Reached XP level 2. HP: 19/24 MP: 2/2
   436 | D:1      | Reached XP level 3. HP: 29/29 MP: 3/3
   834 | D:2      | Reached XP level 4. HP: 28/35 MP: 4/4
  1422 | D:3      | Reached XP level 5. HP: 40/41 MP: 5/5
  1958 | D:4      | Noticed Sigmund
  1966 | D:4      | HP: 1/41 [Sigmund/+0 scythe (5)]
  1968 | D:4      | Killed Sigmund
  1968 | D:4      | Reached skill level 1 in Dodging
  1968 | D:4      | Reached XP level 6. HP: 1/48 MP: 6/6
  1968 | D:4      | Slain by a frilled lizard

Skill      XL: |  1  2  3  4  5 |
---------------+----------------+-----
Maces & Flails | 3 |  3.9
Shields        | 4 |  4.3
Armour         | 4 |  4.4
Dodging        | 1 |  1.0
Fighting       | |  3.8

Action                   |  1- 3 |  4- 6 || total
-------------------------+-------+-------++-------
Melee: Flail             |    80 |   133 ||   213
  Use: Potion            |     4 |     3 ||     7
       Scroll            |       |     3 ||     3
  Eat: Chunk             |       |     3 ||     3
Armor: Scale mail        |    15 |       ||    15
       Chain mail        |    43 |   123 ||   166
Dodge: Dodged            |    17 |    49 ||    66
Block: Shield            |    45 |    89 ||   134
